 Dungeon Crawl Stone Soup version 0.22-a0-587-g7d32d7c (webtiles) character file.

662 HAL9000 the Carver (level 7, -2/53 HPs)
             Began as a Minotaur Chaos Knight on July 2, 2018.
             Slain by iamserjio's ghost (16 damage)
             ... on level 4 of the Dungeon on July 4, 2018.
             The game lasted 00:10:04 (3665 turns).

HAL9000 the Carver (Minotaur Chaos Knight)          Turns: 3665, Time: 00:10:05

Health: -2/53      AC:  3    Str: 17    XL:     7   Next: 30%
Magic:  6/6        EV: 17    Int:  7    God:    Xom [*.....]
Gold:   251        SH:  0    Dex: 16    Spells: 6/6 levels left

rFire    + . .     SeeInvis .   a - +0 falchion (chaos)
rCold    . . .     Gourm    .   (no shield)
rNeg     . . .     Faith    .   b - +2 leather armour
rPois    .         Spirit   .   (helmet restricted)
rElec    .         Reflect  .   (no cloak)
rCorr    .         Harm     .   (no gloves)
MR       .....                  (no boots)
Stlth    ++........             (no amulet)
HPRegen  0.17/turn              e - +3 ring of slaying
MPRegen  0.10/turn              D - ring of protection from fire

@: agile, invisible
A: retaliatory headbutt, horns 2, deformed body, dopey 1, frail 1, screaming 1
a: Renounce Religion


You were on level 4 of the Dungeon.
You worshipped Xom.
You were a special plaything of Xom.
You were hungry.

You visited 1 branch of the dungeon, and saw 4 of its levels.

You collected 251 gold pieces.

Inventory:

Hand Weapons
 a - a +0 falchion of chaos (weapon)
 E - a +0 long sword
Missiles
 v - 3 tomahawks (quivered)
Armour
 b - a +2 leather armour (worn)
Jewellery
 e - a +3 ring of slaying (left hand)
 y - an uncursed ring of resist corrosion
 D - a ring of protection from fire (right hand)
Wands
 z - a wand of polymorph (6)
 C - a wand of flame (28)
Scrolls
 f - a scroll of amnesia {unknown}
 h - a scroll of random uselessness {unknown}
 i - a scroll of fog {unknown}
 l - 3 scrolls of remove curse
 n - 2 scrolls of identify {unknown}
 o - a scroll of noise {unknown}
 p - a scroll of fear {unknown}
 u - 2 scrolls of teleportation {unknown}
 w - a scroll of magic mapping {unknown}
Potions
 d - 3 potions of curing
 g - a potion of lignification {unknown}
 k - a potion of berserk rage {unknown}
 m - a potion of ambrosia {unknown}
 r - a potion of agility
 s - a potion of invisibility
 B - a potion of magic {unknown}
 F - 2 potions of resistance {unknown}
Comestibles
 c - 5 rations


   Skills:
 - Level 4.1 Fighting
 + Level 9.6 Long Blades
 - Level 3.2 Armour
 - Level 2.0 Dodging


You had 6 spell levels left.
You didn't know any spells.
Your spell library was empty.

Dungeon Overview and Level Annotations

Branches:
Dungeon (4/15)
 Temple: D:4-7

Altars:
Gozag
Qazlal
Ru
Wu Jian

Annotations:
D:4 2 transporters, iamserjio's ghost, amateur GrFi


Innate Abilities, Weirdness & Mutations

You reflexively headbutt those who attack you in melee.
You have a pair of horns on your head.
Armour fits poorly on your strangely shaped body.
You are dopey. (Int -2)
You are frail. (-10% HP)
You occasionally shout uncontrollably at your foes.


Message History

You hit iamserjio's ghost but do no damage.
Iamserjio's ghost flickers and vanishes!
Deactivating autopickup; reactivate with Ctrl-A.
You headbutt something. Something hits you!
* * * LOW HITPOINT WARNING * * *
Unknown command.
Okay, then.
Okay, then.
It was a potion of curing.
You feel better.
Xom thinks this is hilarious!
Something barely misses you.
It was a potion of agility.
You feel agile all of a sudden. Something hits you.
* * * LOW HITPOINT WARNING * * *
It was a potion of invisibility.
You fade into invisibility!
Something hits you!
You die... "This toy is broken."

.............######..............
........###..## ####...........
.......## #...# #...........#
.....### ##..# #.........###
...### #..## ########....## .###
#...# #.##.8.##..## ## ##..#
#.#$.$$$#...##
##..###.'.$..8#....###
##..55@{Z'$_8.∩#......#
##....55#.'...$8#....#[.
##....####.#.....#....[#. #....##
#.##.8∩##.....## ##...##
########......## ##...##
##..........#_ ##...##
##....>......#' ##...##
##.............. ###...##
#...............


You could see a quokka zombie, 2 friendly quasits, a friendly crimson imp and a
friendly ufetubus.

Vanquished Creatures
  2 howler monkeys
  A hound (D:4)
  7 orc wizards (D:4)
  4 orc priests (D:4)
  4 worker ants (D:4)
  An adder (D:3)
  An ooze (D:3)
  2 worms
  2 dart slugs
  6 leopard geckos
  20 orcs
  7 bats
  6 giant cockroaches
  2 goblins (D:1)
  11 hobgoblins
  7 jackals
  6 kobolds
  3 quokkas
  4 ball pythons
  10 frilled lizards
  A jackal skeleton (D:3)
  7 rats
114 creatures vanquished.

Notes
Turn   | Place    | Note
-------+----------+-------------------------------------------
     0 | D:1      | HAL9000 the Minotaur Chaos Knight began the quest for the Orb.
     0 | D:1      | Reached XP level 1. HP: 19/19 MP: 0/0
   136 | D:1      | XOM: smoke on damage
   139 | D:1      | Reached XP level 2. HP: 23/27 MP: 1/1
   153 | D:1      | XOM: potion effect (berserk rage)
   165 | D:1      | Reached skill level 4 in Long Blades
   246 | D:1      | XOM: confusion (+ monsters)
   247 | D:1      | Reached XP level 3. HP: 17/33 MP: 2/2
   672 | D:2      | XOM: 1-stop teleportation journey
   673 | D:2      | Found a stormy altar of Qazlal.
   849 | D:2      | Noticed Terence
   855 | D:2      | Noticed Terence
   855 | D:2      | Terence changed into Terence the ball python
   855 | D:2      | Killed Terence the ball python
  1257 | D:2      | XOM: mild Hex miscast
  1513 | D:3      | Reached skill level 5 in Long Blades
  1513 | D:3      | Reached XP level 4. HP: 37/40 MP: 3/3
  1834 | D:3      | Reached XP level 5. HP: 46/46 MP: 4/4
  1938 | D:3      | Reached skill level 6 in Long Blades
  2094 | D:4      | Found a transporter.
  2124 | D:4      | Found a transporter.
  2134 | D:4      | XOM: smoke on damage
  2258 | D:4      | Reached skill level 7 in Long Blades
  2265 | D:4      | Reached XP level 6. HP: 30/52 MP: 5/5
  2403 | D:4      | XOM: mild Tmut miscast
  2468 | D:4      | Reached skill level 8 in Long Blades
  2592 | D:4      | XOM: enchant monster (bad)
  2748 | D:4      | Reached XP level 7. HP: 36/59 MP: 6/6
  2749 | D:4      | Reached skill level 9 in Long Blades
  2879 | D:4      | XOM: harmless Ice miscast
  2945 | D:4      | Found a sacrificial altar of Ru.
  2980 | D:4      | XOM: summons 3 hostile demons
  3059 | D:4      | Found a runed gate.
  3059 | D:4      | Found a runed gate.
  3060 | D:4      | Found a runed gate.
  3061 | D:4      | Noticed iamserjio's ghost (amateur GrFi)
  3232 | D:4      | XOM: give mutations
  3232 | D:4      | Gained mutation: You occasionally shout uncontrollably at your foes. [Xom's mischief]
  3232 | D:4      | Gained mutation: You are dopey. (Int -2) [Xom's mischief]
  3232 | D:4      | Gained mutation: Armour fits poorly on your strangely shaped body. [Xom's mischief]
  3232 | D:4      | Gained mutation: You are frail. (-10% HP) [Xom's mischief]
  3300 | D:4      | Found an ornate altar of the Wu Jian Council.
  3389 | D:4      | Upgraded the game from 0.22-a0-580-gd5db89c to 0.22-a0-587-g7d32d7c
  3650 | D:4      | Found an opulent altar of Gozag.
  3659 | D:4      | XOM: torment (27/53 hp)
  3660 | D:4      | XOM: summons 4 friendly demons
  3665 | D:4      | Slain by iamserjio's ghost

Vault maps used:
D:1:      evilmike_arrival_crescent
D:2:      lemuel_upstairs_altar, nicolae_overflow_crystal_walls, uniq_terence
D:3:      minmay_quantized
D:4:      gammafunk_steamed_eel, kennysheep_mini, kennysheep_little_box,
          nicolae_ossuary_entry_monument, ebering_ghost_gozag

Skill      XL: |  1  2  3  4  5  6  7 |
---------------+----------------------+-----
Long Blades    | 4 5 7 8 9 |  9.6
Fighting       | 4 |  4.1
Armour         | 3 |  3.2
Dodging        | 2 |  2.0

Action                   |  1- 3 |  4- 6 |  7- 9 || total
-------------------------+-------+-------+-------++-------
Melee: Falchion          |    90 |    89 |    42 ||   221
       Headbutt          |    13 |    15 |     9 ||    37
  Use: Scroll            |       |     1 |       ||     1
       Potion            |       |       |     3 ||     3
  Eat: Chunk             |     2 |     4 |     2 ||     8
Armor: Leather armour    |    31 |    28 |    10 ||    69
Dodge: Dodged            |    53 |    45 |    25 ||   123
       Rpst.: Falchion   |     7 |    12 |     5 ||    24

Table legend:
 A = Spawn XP
 B = Non-spawn XP
 C = Spawn XP percentage of total XP
 D = Spawn monster count
 E = Non-spawn monster count
 F = Spawn count percentage of total count
 G = Total turns spent on level
                    A         B        C        D         E        F      G
               +---------+---------+-------+---------+---------+-------+---------
         Total |       0 |     946 |   0.0 |       0 |     113 |   0.0 |  3665
               +---------+---------+-------+---------+---------+-------+---------
           D:1 |       0 |      48 |   0.0 |       0 |      28 |   0.0 |   564
           D:2 |       0 |      20 |   0.0 |       0 |      12 |   0.0 |   769
           D:3 |       0 |     142 |   0.0 |       0 |      33 |   0.0 |   731
           D:4 |       0 |     736 |   0.0 |       0 |      40 |   0.0 |  1601
               +---------+---------+-------+---------+---------+-------+---------
